[Event "*** SCC Grand Prix: Titled Tuesday Blitz"]
[Site "Chess.com"]
[Date "2020.08.11"]
[Round "4"]
[White "temus_galaktionov"]
[Black "Kaliopa"]
[Result "1-0"]
[WhiteElo "2664"]
[BlackElo "2189"]
[TimeControl "180+1"]
[EndTime "10:40:18 PDT"]
[Termination "temus_galaktionov won by resignation"]

1. d4 d5 2. Nf3 Nf6 3. c4 dxc4 4. e3 Bg4 5. Bxc4 e6 6. h3 Bh5 7.
O-O a6 8. a4 Bd6 9. Nc3 Nc6 10.
Qe2 O-O 11. Rd1 Re8 12. e4 Bxf3 13. Qxf3 e5 14. d5 Na7 15. Be3 Qe7 16. Rac1 Nd7 17.
Bf1 Bc5 18. Na2 Bxe3 19. Qxe3 c6 20. d6 Qf6 21. a5 Re6 22. Qb3 Nb5 23. Bxb5 axb5 24.
Qb4 Qd8 25. Nc3 Rxa5 26. Ne2 Ra4 27. Qb3 h6 28. Ng3 Nf6 29. f3 Rxd6 30. Nf5 Rxd1+ 31. Rxd1 Qb6+ 32. Kh2 c5 33. Rd6 Qa5 34. Qd3 Kh7 35. Rd8 Rd4 36. Rxd4 cxd4 37. Nd6 Qb4 38. Nxf7 Qxb2 39.
Nxe5 Qb4 40. f4 Qe7 41. Qxd4 b4 42. Qc4 Qd6 43. Nd3 Nd7 44. e5 Qc6 45. Qxc6 bxc6 46. Nxb4 c5 47. Nd5 Kg8 48. Kg3 Kf7 49. Kf3 Ke6 50.
Ke4 c4 51. f5+ Kf7 52. Kd4 Nf8 53. Kxc4 Ke8 54. Kd4 Nd7 55. g4 Nb8 56. Nf4 Nc6+ 57. Kd5 Ne7+ 58. Ke6 Nc6 59. Nh5 Nd4+ 60. Kd5 Nf3 61.
Nxg7+ Kf7 62. Nh5 Ng1 63. Nf4 Nxh3 1-0

[Event "*** SCC Grand Prix: Titled Tuesday Blitz"]
[Site "Chess.com"]
[Date "2020.08.11"]
[Round "4"]
[White "nrvisakh"]
[Black "GMBenjaminBok"]
[Result "1-0"]
[WhiteElo "2768"]
[BlackElo "2900"]
[TimeControl "180+1"]
[EndTime "10:40:19 PDT"]
[Termination "nrvisakh won on time"]

1. d4 Nf6 2. c4 e6 3. Nf3 d5 4.
Nc3 c6 5. cxd5 exd5 6. Bg5 Be7 7.
e3 Bf5 8. Bd3 Bxd3 9. Qxd3 Nbd7 10. O-O O-O 11. Rab1 a5 12. Qc2 Re8 13. a3 Ne4 14. Bxe7 Qxe7 15. Nxe4 dxe4 16. Nd2 a4 17. Rfc1 Nf6 18. Qc5 Qd8 19. Nc4 Nd5 20. Qd6 Qxd6 21. Nxd6 Re7 22. b4 axb3 23. Rxb3 g6 24. Nxb7 Rb8 25.
Rcb1 Nc3 26. Rxc3 Rexb7 27. Rxb7 Rxb7 28. Rc1 Ra7 29. Ra1 Ra4 30. Kf1 Kf8 31. Ke2 Ke7 32.
Kd2 Kd6 33. Kc3 Ra5 34. a4 Kc7 35. Kb4 Kb6 36. Rc1 Rh5 37. a5+ Kb7 38. a6+ Kb6 39.
Ra1 Ka7 40. h3 Rb5+ 41. Kc3 Rf5 42. Ra2 Rg5 43. g3 Rf5 44. Kc4 h5 45. h4 Rb5 46.
Kc3 Rf5 47. Kb4 Rd5 48. Ra5 Rd8 49. Re5 Kxa6 50. Rxe4 Kb6 51. Re7 Rf8 52. Kc4 f6 53. Re6 Rf7 54. d5 Kc7 55. Rxc6+ Kd7 56. Kd4 Rf8 57.
e4 Ke7 58. Re6+ Kf7 59. Rc6 Ra8 60. Rc2 Ra4+ 61. Ke3 Ke7 62. Rc7+ Ke8 63. d6 Ra6 64. Rg7 1-0

[Event "*** SCC Grand Prix: Titled Tuesday Blitz"]
[Site "Chess.com"]
[Date "2020.08.11"]
[Round "4"]
[White "volkanyirik"]
[Black "Casablanca"]
[Result "1/2-1/2"]
[WhiteElo "2278"]
[BlackElo "2447"]
[TimeControl "180+1"]
[EndTime "10:40:19 PDT"]
[Termination "Game drawn by repetition"]

1. e4 c5 2. Nc3 Nc6 3. f4 g6 4. Bc4 Bg7 5. Nf3 e6 6. O-O Nge7 7. Qe1 a6 8. a4 O-O 9. d3 d5 10. Bb3 Nd4 11. Nxd4 Bxd4+ 12. Kh1 Bg7 13. Qh4 d4 14. Ne2 Nc6 15. Qg3 Qc7 16. Bd2 Na5 17. Ba2 b5 18. f5 Qxg3 19. Nxg3 Nc6 20. f6 Bh8 21. Bh6 Rd8 22. Bg5 Rb8 23. axb5 axb5 24. Bb3 Bb7 25. Bf4 Ra8 26. Rxa8 Rxa8 27. Bd6 e5 28. Bxc5 h6 29. Bd5 Ra5 30. b4 Ra4 31. h3 h5 32.
Bd6 Ra6 33. Bxe5 Nxe5 34. Bxb7 Rxf6 35. Rxf6 Bxf6 36. Ba6 Nc6 37. Bxb5 Nxb4 38. Ba4 Be7 39. Ne2 Bf6 40. Kg1 Be5 41. Kf2 f6 42. Ke1 Na2 43. Kd1 Nc3+ 44. Kd2 Nxe2 45. Kxe2 Kg7 46.
Kf3 g5 47. g3 Kg6 48. g4 hxg4+ 49. hxg4 Kf7 50. c4 Ke7 51. Ke2 Kd6 52. Kd2 Kc5 53. Kc2 Kb4 54. Bd7 Bd6 55. Be6 Be5 56. Bd5 Bf4 57. Bc6 Be5 58. Bb7 Bd6 59. Kb2 Be5 60. Ka2 Bf4 61. Bd5 Be5 62. Be6 Bf4 63. c5 Kxc5 64.
Kb3 Be5 65. Bf5 Bf4 66. Bg6 Be5 67. Bf5 Bf4 68. Bg6 Be5 69. Bf5 1/2-1/2

[Event "*** SCC Grand Prix: Titled Tuesday Blitz"]
[Site "Chess.com"]
[Date "2020.08.11"]
[Round "4"]
[White "kakarot_001"]
[Black "QuintilianoR"]
[Result "1-0"]
[WhiteElo "2830"]
[BlackElo "2645"]
[TimeControl "180+1"]
[EndTime "10:40:20 PDT"]
[Termination "kakarot_001 won on time"]

1. d4 Nf6 2. c4 e6 3. Nf3 b6 4.
g3 Bb7 5. Bg2 Bb4+ 6. Bd2 a5 7.
O-O O-O 8. Nc3 d6 9. Qc2 Nbd7 10.
Nb1 Be4 11. Qc1 Qb8 12. a3 Bxd2 13. Nbxd2 Bb7 14. Qc2 a4 15. e4 e5 16. Rfe1 Re8 17. Rad1 exd4 18. Nxd4 Nc5 19. f3 Nfd7 20. Nb1 Ne5 21.
h3 Qd8 22. f4 Nc6 23. Nc3 Nxd4 24. Rxd4 Qf6 25. Qf2 Qe6 26. g4 Qf6 27. g5 Qe7 28.
h4 f6 29. Qg3 fxg5 30. hxg5 Qf7 31. Nd5 Ne6 32. Rd3 Bxd5 33. cxd5 Nxf4 34. Rf3 Rf8 35. Qf2 Rae8 36. Qd2 Re5 37. Ref1 Rxe4 38. R3f2 Rc4 39. Qe3 b5 40. Bh3 h6 41. Be6 Nxe6 42. Rxf7 Rg4+ 43. Kh2 Rh4+ 44. Kg3 Rxf7 45. dxe6 Rxf1 46.
Kxh4 hxg5+ 47. Kg3 1-0

[Event "*** SCC Grand Prix: Titled Tuesday Blitz"]
[Site "Chess.com"]
[Date "2020.08.11"]
[Round "4"]
[White "Agibileg"]
[Black "Joshukid"]
[Result "1-0"]
[WhiteElo "2422"]
[BlackElo "2679"]
[TimeControl "180+1"]
[EndTime "10:40:20 PDT"]
[Termination "Agibileg won by checkmate"]

1. d4 g6 2. c4 Bg7 3. e4 d6 4.
Nc3 e5 5. d5 h6 6. Bd3 Ne7 7.
Nge2 O-O 8. O-O g5 9. f3 f5 10.
Be3 f4 11. Bf2 g4 12. c5 a6 13. Rc1 Ng6 14. cxd6 cxd6 15. Qb3 gxf3 16. gxf3 Bh3 17. Kh1 Bxf1 18. Rxf1 b5 19. a4 bxa4 20. Nxa4 Nd7 21. Rg1 Kh7 22. Qa3 Qe7 23. Nec3 Rfb8 24. Bf1 Nh4 25. Nb1 Bf6 26. Bh3 Rg8 27. Nd2 Rxg1+ 28. Bxg1 Rg8 29. Bf2 Nf8 30. Nb6 Qc7 31. Nbc4 Be7 32. Qxa6 Nfg6 33. Qc6 Qb8 34. Nb6 Qa7 35.
Qa4 Qc7 36. Nbc4 Rb8 37. b4 Nxf3 38. Qa7 Rb7 39. Qa8 Nxd2 40. Nxd2 Rxb4 41. Be6 Rb8 42. Qa2 Qc1+ 43. Kg2 Rb2 44. Qa8 Nf8 45. Qe8 Qxd2 46. Qxe7+ Kg6 47. Qf7+ Kg5 48. h4# 1-0

[Event "*** SCC Grand Prix: Titled Tuesday Blitz"]
[Site "Chess.com"]
[Date "2020.08.11"]
[Round "4"]
[White "Oleksandr_Bortnyk"]
[Black "Gareth-Bale11"]
[Result "0-1"]
[WhiteElo "2976"]
[BlackElo "2797"]
[TimeControl "180+1"]
[EndTime "10:40:21 PDT"]
[Termination "Gareth-Bale11 won by checkmate"]

1. e4 e5 2. Nf3 Nc6 3. d4 exd4 4. Nxd4 Bc5 5. Be3 Qf6 6. c3 Nge7 7. Bb5 O-O 8. Nxc6 dxc6 9. Bxc5 cxb5 10. Qh5 b6 11.
Be3 b4 12. O-O Ba6 13. Re1 Rad8 14. e5 Qf5 15. Qxf5 Nxf5 16. Bg5 f6 17. exf6 gxf6 18.
Bf4 Rfe8 19. Nd2 bxc3 20. bxc3 Rxe1+ 21. Rxe1 Kf7 22. Ne4 c5 23. f3 Bb7 24. g4 Bxe4 25.
Rxe4 Ne7 26. Kf2 Rd3 27. c4 Ra3 28. Re2 Nc6 29. Be3 Ne5 30. Rc2 Nd3+ 31. Ke2 Nb4 32. Rd2 Rxa2 33. Bf4 Rxd2+ 34. Kxd2 Nc6 35. h4 Ke6 36.
Bc7 Ne5 37. Ke3 Nxc4+ 38. Kd3 Ne5+ 39. Ke4 Nc6 40. f4 Kd7 41. g5 fxg5 42. fxg5 Kxc7 43.
h5 Ne7 44. Ke5 Kd7 45. g6 Nxg6+ 46. hxg6 hxg6 47. Kd5 g5 48. Kc4 g4 49. Kb5 g3 50.
Ka6 g2 51. Kb7 g1=Q 52. Kxa7 c4 53. Kb7 c3 54. Ka6 c2 55. Kb5 c1=Q 56. Ka6 b5 57. Kxb5 Qgc5+ 58. Ka6 Q1a3+ 59. Kb7 Qaa7# 0-1

[Event "*** SCC Grand Prix: Titled Tuesday Blitz"]
[Site "Chess.com"]
[Date "2020.08.11"]
[Round "4"]
[White "olksuna"]
[Black "AttilaTurzo"]
[Result "1-0"]
[WhiteElo "2637"]
[BlackElo "2452"]
[TimeControl "180+1"]
[EndTime "10:40:22 PDT"]
[Termination "olksuna won on time"]

1. Nf3 Nf6 2. g3 g6 3. b4 Bg7 4. Bb2 O-O 5. Bg2 d5 6. O-O c6 7. d3 a5 8. a3 axb4 9. axb4 Rxa1 10. Bxa1 Qb6 11. c3 Nbd7 12. Nbd2 e5 13. e4 Re8 14.
Qc2 Qc7 15. c4 Qd6 16. Rb1 d4 17. c5 Qc7 18. Nc4 Bf8 19. Bh3 b5 20. cxb6 Nxb6 21.
Bxc8 Nxc8 22. Ncxe5 Rxe5 23. Nxe5 Qxe5 24. Qxc6 Na7 25.
Qa8 Nb5 26. Rc1 Kg7 27. Kg2 Bxb4 28. Rb1 Bc3 29. Qc6 Na3 30. Rc1 Nb5 31. Rb1 Nc7 32.
Rc1 Bxa1 33. Qxc7 Qxc7 34. Rxc7 Kf8 35. f4 Bc3 36. Kf3 h5 37. h3 Ne8 38. Ra7 Nd6 39.
g4 hxg4+ 40. hxg4 Nb5 41. Rb7 Nd6 42. Ra7 Nb5 43. Rb7 Nd6 44. Rb8+ Ke7 45. e5 Ne8 46. Ke4 Bd2 47. Rb7+ Kf8 48. f5 gxf5+ 49. gxf5 Bc3 50. f6 Ba1 51. Rb8 Bc3 52. Kf5 Ba1 53. e6 fxe6+ 54. Kxe6 Bc3 55. f7 1-0

[Event "*** SCC Grand Prix: Titled Tuesday Blitz"]
[Site "Chess.com"]
[Date "2020.08.11"]
[Round "4"]
[White "Gerodot71"]
[Black "MestreSoares"]
[Result "1-0"]
[WhiteElo "2401"]
[BlackElo "2158"]
[TimeControl "180+1"]
[EndTime "10:40:22 PDT"]
[Termination "Gerodot71 won on time"]

1. d4 Nf6 2. c4 c5 3. d5 e5 4.
Nc3 d6 5. e4 Be7 6. f3 Nbd7 7.
Be3 Nf8 8. Bd3 Ng6 9. g3 h5 10. h4 Bd7 11. Nge2 a6 12. Qd2 Qa5 13. Kf2 Qb4 14.
a3 Qa5 15. b4 Qc7 16. Rhb1 b6 17. Rb2 O-O 18. Rab1 Rfb8 19. Rb3 Be8 20. Nc1 Nd7 21.
Bf1 Ngf8 22. Bh3 f6 23. Qe2 Bf7 24. R3b2 a5 25. Nb5 Qd8 26. Nd3 axb4 27. axb4 Kh7 28. Kg2 Ra4 29. Ra2 Rba8 30. Rba1 Rxa2 31. Rxa2 Rxa2 32.
Qxa2 Qb8 33. Qa6 Be8 34. Bf2 g6 35. Be3 Kg7 36. g4 hxg4 37. fxg4 Nh7 38. Kg3 Ndf8 39. Bf1 Bxb5 40. cxb5 Kf7 41. bxc5 dxc5 42. Nb2 Nd7 43.
Nc4 Bd6 44. Qa2 Nhf8 45. Bd3 Ke7 46. Qa1 Qb7 47. Qa2 Nb8 48. g5 Nbd7 49. Qg2 Kf7 50. Qf3 Qa7 51. h5 Be7 52. h6 Nh7 53. d6 Bd8 54. Qg4 fxg5 55. Na3 1-0

[Event "*** SCC Grand Prix: Titled Tuesday Blitz"]
[Site "Chess.com"]
[Date "2020.08.11"]
[Round "4"]
[White "Alomaterapia"]
[Black "Xeslu"]
[Result "1-0"]
[WhiteElo "2527"]
[BlackElo "2300"]
[TimeControl "180+1"]
[EndTime "10:40:23 PDT"]
[Termination "Alomaterapia won on time"]

1. d4 d5 2. c4 c6 3. Nf3 Nf6 4. Nc3 e6 5. e3 Nbd7 6. Qc2 Bd6 7. Be2 O-O 8. O-O Qe7 9. e4 dxe4 10. Nxe4 Nxe4 11. Qxe4 f5 12. Qc2 Nf6 13. c5 Bc7 14. Ne5 Nd5 15. Bc4 Qf6 16. Re1 Rd8 17. Bd2 Bd7 18.
Qb3 Rab8 19. Qg3 h6 20. b4 Be8 21. a3 Bxe5 22. Qxe5 Qxe5 23. Rxe5 Bf7 24. Rc1 Rd7 25. f3 Rbd8 26. Be1 Nc7 27. Bh4 g5 28. Bf2 a6 29.
h4 Kg7 30. Rce1 Kf6 31. g4 f4 32. Kg2 Rxd4 33. hxg5+ hxg5 34. Bxd4 Rxd4 35. Bf1 Nd5 36.
Kf2 Rd2+ 37. R5e2 Rd4 38. Rc2 Ne3 39. Rxe3 fxe3+ 40. Kxe3 e5 41. Bd3 Bg6 42. Bxg6 Kxg6 43. Rc1 Kf6 44. Rb1 Ke6 45. Rh1 Rc4 46. Kd3 Rf4 47.
Ke2 e4 48. fxe4 Rxe4+ 49. Kf3 Rc4 50. Rh7 Rc3+ 51. Kf2 Rxa3 52. Rxb7 a5 53. b5 cxb5 54. c6 b4 55. Rb5 Rc3 56. Rxa5 Kf6 57. Ra6 Ke5 58.
Rb6 Kf4 59. Rxb4+ Ke5 60. Rb6 Kf6 61. c7+ Ke7 62. Rb7 Kd7 63. Rb5 Kc8 64. Rxg5 Kxc7 65. Rd5 Kc6 66. Rd8 Kc7 67. Rd4 Kc6 68. g5 Rc5 69. Rg4 Kd6 70. g6 Ke6 71. g7 Rc2+ 72. Ke3 Rc8 73. g8=Q+ 1-0

[Event "*** SCC Grand Prix: Titled Tuesday Blitz"]
[Site "Chess.com"]
[Date "2020.08.11"]
[Round "4"]
[White "szachuspl"]
[Black "AvitalBor"]
[Result "0-1"]
[WhiteElo "2534"]
[BlackElo "2824"]
[TimeControl "180+1"]
[EndTime "10:40:28 PDT"]
[Termination "AvitalBor won by resignation"]

1. d4 Nf6 2. c4 g6 3. Nc3 d5 4.
Nf3 Bg7 5. Bf4 O-O 6. e3 c6 7. Qb3 a6 8. a4 h6 9. h3 Ne4 10.
Nxe4 dxe4 11. Nd2 c5 12. dxc5 Nd7 13. Nxe4 Nxc5 14. Nxc5 Qa5+ 15. Ke2 Qxc5 16. f3 g5 17. Bg3 Rd8 18. Kf2 Rd2+ 19. Be2 Be6 20. Qxb7 Rad8 21. Rhe1 Rxb2 22. Qc7 Qxc7 23. Bxc7 Rdd2 24. Rad1 Rxd1 25.
Rxd1 Bxc4 26. Re1 Bc3 27. Kf1 Bxe1 28. Bxc4 Rb4 29. Bxa6 Rxa4 30. Kxe1 Rxa6 31. e4 Ra2 32. Kf1 Kh7 33. Bd8 e6 34. Bf6 Kg6 35. Be5 h5 36.
Kg1 g4 37. hxg4 hxg4 38. Bg3 Kf6 39. Bh4+ Ke5 40. Bg3+ Kd4 41. Bf4 Kd3 42. Kf1 Rc2 43. Bg5 g3 44. Bf4 Rf2+ 45. Kg1 Ke2 46. Bxg3 Rf1+ 47. Kh2 Rb1 48. Be5 Kf1 49. Kh3 Rb5 50. Bd4 Rg5 51. g4 Ke2 52. Kg3 Ra5 53. f4 Kd3 54. Bb6 Rb5 55. Bc7 Kxe4 56. Kh4 Kf3 57. g5 Rf5 58. Kh5 Rxf4 59. Kh6 Rf5 60. Kh5 e5 0-1

[Event "*** SCC Grand Prix: Titled Tuesday Blitz"]
[Site "Chess.com"]
[Date "2020.08.11"]
[Round "4"]
[White "ChessicallyInclined"]
[Black "Leonid_Starozhilov"]
[Result "0-1"]
[WhiteElo "2500"]
[BlackElo "2702"]
[TimeControl "180+1"]
[EndTime "10:40:28 PDT"]
[Termination "Leonid_Starozhilov won by resignation"]

1. d4 Nf6 2. c3 g6 3. Nd2 d5 4. g3 Bg7 5. Bg2 c6 6. e4 dxe4 7.
Nxe4 Nxe4 8. Bxe4 O-O 9. Be3 Be6 10. Bg2 Nd7 11. Nf3 Bd5 12. O-O Nf6 13. Qe2 e6 14. c4 Be4 15. Rfd1 Qa5 16. Bd2 Qh5 17. Bc3 Rfe8 18. h3 Bxf3 19. Qxf3 Qxf3 20. Bxf3 Rad8 21. a4 Nd7 22. Bg2 Nb8 23. Ra3 Na6 24. Rb3 Rd7 25.
Bf3 Red8 26. Kf1 Nc5 27. dxc5 Rxd1+ 28. Bxd1 Rxd1+ 29. Ke2 Rd7 30. Bxg7 Kxg7 31. Rc3 a5 32. b3 Kf6 33. f4 e5 34. fxe5+ Kxe5 35. Re3+ Kf6 36.
Rf3+ Ke7 37. Re3+ Kd8 38. g4 Re7 39. g5 Rxe3+ 40. Kxe3 Ke7 41. Kf4 f6 42. h4 Kf7 43.
Ke4 Kg7 44. Kf4 h6 45. gxh6+ Kxh6 46. Kg4 f5+ 47. Kg3 g5 48. hxg5+ Kxg5 49. Kf3 f4 50. Kf2 Kg4 51. Kg2 Kf5 52. Kf3 Ke5 53. Kf2 Ke4 54. Ke2 Kd4 55. Kf3 Kxc5 56. Kxf4 Kb4 57. Ke5 Kxb3 58. c5 Kxa4 59. Kd6 Kb5 0-1

[Event "*** SCC Grand Prix: Titled Tuesday Blitz"]
[Site "Chess.com"]
[Date "2020.08.11"]
[Round "4"]
[White "IANOV0007"]
[Black "Fy_Rakotomaharo"]
[Result "0-1"]
[WhiteElo "2482"]
[BlackElo "2674"]
[TimeControl "180+1"]
[EndTime "10:40:28 PDT"]
[Termination "Fy_Rakotomaharo won by resignation"]

1. Nf3 c5 2. g3 Nc6 3. Bg2 g6 4. c4 Bg7 5. Nc3 e5 6. d3 Nge7 7. Nd2 O-O 8. Nf1 d6 9. Ne3 Be6 10. Ned5 h6 11. O-O f5 12. a3 Bf7 13.
Bd2 Nxd5 14. Nxd5 Ne7 15. Nxe7+ Qxe7 16. b4 Rad8 17. bxc5 dxc5 18. Rb1 Rd7 19. Qa4 e4 20. Qxa7 exd3 21. exd3 Qe2 22. Be3 Qxd3 23. Qxc5 Qxc4 24.
Qxc4 Bxc4 25. Rxb7 Rxb7 26. Bxb7 Bxf1 27. Kxf1 Rb8 28. Bc6 Rb1+ 29. Ke2 Ra1 30. a4 Kf7 31. Kd3 g5 32. Kc4 Ke6 33. Kb5 Bc3 34. Bb6 Rb1+ 35. Ka6 Kd6 36. Bb5 Kd5 37. a5 Bd4 38. Bd3 Rb2 39. Bxf5 Rxf2 40. Bc8 Rxh2 41. g4 h5 42. gxh5 Rxh5 43. Bb7+ Kc4 44. Bf3 Rh3 45. Be2+ Kc3 46.
Kb7 Rh2 47. Bf3 Rf2 48. Bg4 Rf7+ 49. Kc6 Rf4 50. Be6 g4 51. Bd5 g3 52. Bxd4+ Kxd4 53. Bg2 Rf2 54. Bh3 Rh2 55. Bf1 g2 56. Bxg2 Rxg2 57. a6 Rg6+ 58. Kb7 Kc5 59. a7 Rg7+ 60.
Kb8 Kb6 61. a8=N+ Kc6 62. Nc7 Rxc7 63. Ka8 Rh7 64. Kb8 Rg7 65. Ka8 Kb6 0-1

[Event "*** SCC Grand Prix: Titled Tuesday Blitz"]
[Site "Chess.com"]
[Date "2020.08.11"]
[Round "4"]
[White "harkerchess"]
[Black "WPWPWP-2015"]
[Result "0-1"]
[WhiteElo "2142"]
[BlackElo "2394"]
[TimeControl "180+1"]
[EndTime "10:40:28 PDT"]
[Termination "WPWPWP-2015 won by checkmate"]

1. d4 Nf6 2. Bg5 e6 3. e4 h6 4.
Bxf6 Qxf6 5. c3 c5 6. Bc4 cxd4 7.
cxd4 Qg6 8. Qf3 Nc6 9. Ne2 a6 10. Nbc3 b5 11. Bb3 Bb7 12. O-O Be7 13. Nf4 Nxd4 14.
Qe3 Qg5 15. Qxd4 Qxf4 16. Rad1 d6 17. Qxg7 Bf6 18. Qg3 Qxg3 19. hxg3 Ke7 20. Rfe1 Rac8 21. Rd3 Rc5 22. f3 Rhc8 23. Red1 Be5 24. Kf2 R8c6 25.
Ne2 Bxb2 26. Rh1 Bg7 27. Nd4 Rb6 28. Ke3 a5 29. a3 a4 30. Ba2 b4 31. axb4 Rxb4 32.
Rb1 Rxb1 33. Bxb1 Rc1 34. Ba2 Re1+ 35. Kf2 Ra1 36. Bc4 Rc1 37. Bb5 a3 38. Ne2 a2 39.
Nxc1 a1=Q 40. Ne2 Qa7+ 41. Kf1 Qc5 42. Ba4 Ba6 43. Rd2 Qc1+ 44. Rd1 Bxe2+ 45. Kxe2 Qc4+ 46. Ke1 Bc3+ 47. Kf2 Bd4+ 48. Ke1 Bc3+ 49. Kf2 Qxa4 50. Rc1 Qd4+ 51. Ke2 Qd2+ 52. Kf1 Qxc1+ 53. Ke2 Qe1+ 54. Kd3 Qd2+ 55. Kc4 d5+ 56. exd5 exd5+ 57. Kc5 Be5 58. Kc6 Qc3+ 59. Kb7 Qc7+ 60. Ka6 Qc5 61. Kb7 Kd7 62. Ka6 Qb4 63. g4 Kc7 64. g5 Qa4# 0-1

[Event "*** SCC Grand Prix: Titled Tuesday Blitz"]
[Site "Chess.com"]
[Date "2020.08.11"]
[Round "4"]
[White "ural58"]
[Black "1stSecond"]
[Result "0-1"]
[WhiteElo "2514"]
[BlackElo "2775"]
[TimeControl "180+1"]
[EndTime "10:40:29 PDT"]
[Termination "1stSecond won on time"]

1. e4 c6 2. b3 d5 3. Qe2 dxe4 4. Nc3 Nf6 5. Nxe4 Bf5 6. Nxf6+ gxf6 7. Bb2 Bg7 8. O-O-O Qa5 9. g4 Be6 10. Kb1 Na6 11.
Nh3 Nb4 12. a3 Nd5 13. f4 O-O-O 14. f5 Bd7 15. Bg2 Rhe8 16. b4 Qa4 17. Bxd5 cxd5 18. Nf4 Bc6 19. Rhe1 Bh6 20. Nd3 Qb5 21. h4 Qc4 22.
Qf2 d4 23. Nc5 b6 24. d3 Qd5 25. Nb3 Be3 26. Qg3 e5 27. fxe6 Rxe6 28. Bc1 Qf3 29.
Qh2 Qxg4 30. Bxe3 dxe3 31. Rg1 e2 32. Rde1 Qf3 33. Qg3 Qxg3 34. Rxg3 f5 35. Rg7 Rd7 36. Nc1 Rde7 37. Rg5 f4 38. Rf5 f3 39. Kb2 Rg6 40.
Kc3 Rg2 41. Kd2 Rf2 42. c4 Bd7 43. Rf4 Rf1 44. h5 Bg4 45. d4 f2 46. Rxe2 Bxe2 47. Nxe2 Ra1 48. Rxf2 Ra2+ 49. Kd1 Rxa3 50. Nc1 Rh3 0-1

[Event "*** SCC Grand Prix: Titled Tuesday Blitz"]
[Site "Chess.com"]
[Date "2020.08.11"]
[Round "4"]
[White "Chessbard1972"]
[Black "vinniethepooh"]
[Result "0-1"]
[WhiteElo "2337"]
[BlackElo "2687"]
[TimeControl "180+1"]
[EndTime "10:40:31 PDT"]
[Termination "vinniethepooh won by checkmate"]

1. e4 c5 2. d4 cxd4 3. c3 dxc3 4. Nxc3 Nc6 5. Bc4 e6 6. Bf4 d6 7. Nf3 Nf6 8. O-O Be7 9. h3 O-O 10. Qe2 Qc7 11. Rac1 a6 12. a4 Qb8 13. Rfd1 Ne5 14.
Ba2 b6 15. Nd4 Bb7 16. Bg3 Rc8 17. f4 Nc6 18. Bf2 Nd7 19. Nxe6 Nb4 20. Bb3 Nc5 21. Nxc5 dxc5 22. Rd7 Rc7 23. Rcd1 Bc6 24. R7d2 Qb7 25. Nd5 Bxd5 26. Bxd5 Nxd5 27. Rxd5 Qc6 28. b3 b5 29. axb5 axb5 30. e5 c4 31. bxc4 bxc4 32. f5 f6 33. exf6 Qxf6 34. Bd4 Qf7 35. Be5 Rc5 36.
Rd7 Re8 37. Bd4 Rxf5 38. Re1 h5 39. Rxe7 Rxe7 40. Qxe7 Rf1+ 41. Kh2 Qf4+ 42. g3 Qd2+ 43. Re2 Qxd4 44. Qe8+ Rf8 45. Qxh5 c3 46. Kg2 Qd3 47. Qe5 c2 48. Qe6+ Kh8 49. Rf2 Rxf2+ 50. Kxf2 c1=Q 51.
Qe8+ Kh7 52. Qh5+ Qh6 53. Qxh6+ Kxh6 54. h4 g5 55. hxg5+ Kxg5 56. Kg2 Kg4 57. Kf2 Qd2+ 58.
Kf1 Kxg3 59. Kg1 Qd1# 0-1

[Event "*** SCC Grand Prix: Titled Tuesday Blitz"]
[Site "Chess.com"]
[Date "2020.08.11"]
[Round "4"]
[White "UKR_Master"]
[Black "Sophist4Life"]
[Result "1-0"]
[WhiteElo "2313"]
[BlackElo "2497"]
[TimeControl "180+1"]
[EndTime "10:40:31 PDT"]
[Termination "UKR_Master won on time"]

1. e4 c6 2. Nc3 d5 3. Nf3 Bg4 4.
h3 Bxf3 5. Qxf3 Nf6 6. d3 e6 7. g3 Nbd7 8. Bg2 Bc5 9. O-O O-O 10.
Qe2 a5 11. Kh2 d4 12. Nd1 e5 13. f4 Bd6 14. f5 Kh8 15. g4 Ne8 16. g5 Rg8 17.
Nf2 Be7 18. h4 c5 19. a4 Rc8 20. b3 g6 21. Ng4 gxf5 22. exf5 Nd6 23. Nxe5 f6 24.
Nxd7 Qxd7 25. Bd5 Rg7 26. Be6 Qd8 27. Bxc8 Qxc8 28. Qe6 fxg5 29. Qxc8+ Nxc8 30. f6 Bd6+ 31. Kh1 Rg6 32. hxg5 h6 33. gxh6 Bf8 34. Bd2 Nd6 35.
Rae1 Bxh6 36. Bxh6 Rxh6+ 37. Kg2 Kg8 38. Re7 Rg6+ 39.
Kh3 Rg5 40. f7+ Kf8 41. Rd7 Nf5 42. Rd5 Rh5+ 43. Kg4 Ne3+ 44. Kxh5 Nxd5 45. Kg5 Ne3 46. Rf2 Nd1 47. Rf6 Ne3 48. Kf4 Nd5+ 49. Ke5 Ne7 50. Ke6 Nc6 51. Rg6 Nd8+ 52. Kf6 Nxf7 53. Rg7 Nd6 54.
Rd7 Ne8+ 55. Ke6 1-0

[Event "*** SCC Grand Prix: Titled Tuesday Blitz"]
[Site "Chess.com"]
[Date "2020.08.11"]
[Round "4"]
[White "ManuDavid2910"]
[Black "goldihouse"]
[Result "1-0"]
[WhiteElo "2640"]
[BlackElo "2453"]
[TimeControl "180+1"]
[EndTime "10:40:32 PDT"]
[Termination "ManuDavid2910 won on time"]

1. e4 e6 2. Nf3 d5 3. Nc3 Nf6 4. e5 Nfd7 5. d4 c5 6. dxc5 Nc6 7. Bf4 Be7 8. a3 Nxc5 9. Bb5 Bd7 10. O-O O-O 11. Re1 Qb6 12. Be3 Qc7 13. Qd2 Rfd8 14. Rad1 Rac8 15. Bf4 Qb6 16. b4 Na6 17. Bd3 Ncxb4 18.
axb4 Qxb4 19. Ne2 Ba4 20. Rb1 Qxd2 21. Bxd2 Nc5 22. Ned4 a6 23. Ba5 Re8 24. Bb6 Nxd3 25. cxd3 Rc3 26. Ra1 Bd7 27. Red1 f6 28. Rab1 Rcc8 29.
h3 Kf7 30. Kf1 h5 31. h4 Ra8 32. Rdc1 Rec8 33. Ke2 Ba3 34. Rxc8 Rxc8 35. Kd2 Be7 36. g3 Kg6 37. Ne2 Kf7 38. Nf4 Ba4 39. Rb2 Ba3 40. Ra2 Bb4+ 41. Ke2 Bb5 42. Nxh5 Rc3 43. Ne1 Rc1 44. Nc2 Bc3 45. Be3 a5 46. Bxc1 a4 47. Bd2 Bxe5 48. Nf4 Bd6 49. Ng2 e5 50. Nge3 Ke6 51.
Kd1 Be7 52. d4 e4 53. Bb4 Bd8 54. Bc5 Bc6 55. Nb4 f5 56. Nxc6 bxc6 57. Rxa4 1-0

[Event "*** SCC Grand Prix: Titled Tuesday Blitz"]
[Site "Chess.com"]
[Date "2020.08.11"]
[Round "4"]
[White "Fins0905"]
[Black "sergeikim"]
[Result "1/2-1/2"]
[WhiteElo "2634"]
[BlackElo "2466"]
[TimeControl "180+1"]
[EndTime "10:40:35 PDT"]
[Termination "Game drawn by repetition"]

1. d4 Nf6 2. Nf3 g6 3. Bg5 Bg7 4. Nbd2 d6 5. e3 O-O 6. Bc4 Nbd7 7. O-O b6 8. a4 a6 9. Qe2 Bb7 10. c3 e5 11. dxe5 dxe5 12. e4 Qe7 13. Rfd1 c6 14. Nf1 b5 15. Bd3 Nc5 16. Bc2 Ne6 17. Be3 Ng4 18. Bd2 Nf4 19. Bxf4 exf4 20. N1d2 Ne5 21. Nxe5 Qxe5 22. Nb3 Bc8 23. axb5 cxb5 24. Rd5 Qe7 25. Rad1 Be6 26. R5d2 Qg5 27. Nd4 Bg4 28. Nf3 Qh5 29. h3 Be6 30. Nd4 Qxe2 31. Nxe2 a5 32. Nxf4 Bc8 33. Nd5 b4 34. cxb4 axb4 35. Nxb4 Bxb2 36.
Nd5 Bg7 37. Bb3 Kh8 38. Rd3 Rb8 39. Bc4 Be6 40. Ne3 Bc8 41. g3 Bxh3 42. g4 h5 43.
gxh5 gxh5 44. Rd5 Bg4 45. Nxg4 hxg4 46. Be2 Rbe8 47. Bxg4 Rxe4 48. Bf3 Rf4 49. Kg2 Bf6 50. Rh1+ Kg7 51. Rd3 Rh8 52. Rxh8 Kxh8 53. Be2 Kg7 54.
Rf3 Rxf3 55. Bxf3 Bg5 56. Be4 Kf6 57. Bf3 Ke5 58. Be2 f6 59. Bf3 Kf4 60. Be2 Ke5 61.
Bf3 Kf4 62. Bd1 Ke5 63. Bf3 1/2-1/2

[Event "*** SCC Grand Prix: Titled Tuesday Blitz"]
[Site "Chess.com"]
[Date "2020.08.11"]
[Round "4"]
[White "Blagorod"]
[Black "Tsyhanchuk_Stanislav"]
[Result "0-1"]
[WhiteElo "2121"]
[BlackElo "2389"]
[TimeControl "180+1"]
[EndTime "10:40:36 PDT"]
[Termination "Tsyhanchuk_Stanislav won on time"]

1. e4 c5 2. Nc3 Nc6 3. g3 g6 4. Bg2 Bg7 5. d3 d6 6. f4 Nf6 7. Nf3 O-O 8. O-O Rb8 9. h3 Nd7 10. Be3 b5 11. Qd2 e6 12. g4 f5 13. g5 Nd4 14. Nd1 Bb7 15. c3 Nxf3+ 16. Bxf3 e5 17. exf5 gxf5 18. Bxb7 Rxb7 19. Qe2 c4 20.
d4 e4 21. h4 d5 22. h5 b4 23. Qg2 Qb6 24. Kh2 Rfb8 25. Rg1 Nf8 26. Qh3 Qe6 27. Rg2 bxc3 28. bxc3 Rb1 29. Rxb1 Rxb1 30. Nf2 Rb2 31. Nd1 Rb1 32. Nf2 a5 33. Qh4 Qe7 34. Nh3 a4 35. Qg3 a3 36. h6 Bh8 37. g6 Nxg6 38. Ng5 Rb2 39. Qh3 Rxg2+ 40. Kxg2 Qf6 41. Kg3 Ne7 42. Qh5 Qg6 43. Qh3 Bf6 44. Kf2 Bxg5 45. fxg5 Qb6 46.
Qg3 Qb2+ 47. Kg1 Qb1+ 48. Kh2 Qxa2+ 49. Kh3 Qe2 50. Qb8+ Kf7 51. Bf4 Qf3+ 52. Kh2 e3 53.
Qe5 e2 54. Qf6+ Ke8 55. Qh8+ Kd7 56. Qe5 Qf2+ 57. Kh3 e1=Q 58. Qd6+ Ke8 59. Qb8+ Kf7 60. g6+ hxg6 0-1

[Event "*** SCC Grand Prix: Titled Tuesday Blitz"]
[Site "Chess.com"]
[Date "2020.08.11"]
[Round "4"]
[White "Sacbutt"]
[Black "ailime26"]
[Result "0-1"]
[WhiteElo "2196"]
[BlackElo "1901"]
[TimeControl "180+1"]
[EndTime "10:40:36 PDT"]
[Termination "ailime26 won on time"]

1. e4 c5 2. Nf3 Nc6 3. d4 cxd4 4. c3 dxc3 5. Nxc3 e6 6. Bc4 Nf6 7. Qe2 Be7 8. O-O d5 9. exd5 Nxd5 10. Nxd5 exd5 11. Rd1 d4 12. Bg5 O-O 13. Bxe7 Qxe7 14. Qxe7 Nxe7 15. Nxd4 a6 16. Re1 Nf5 17. Nf3 b5 18.
Bd5 Ra7 19. Rac1 Bb7 20. Rc7 Bxd5 21. Rxa7 Bxa2 22. Rxa6 Bc4 23. Ne5 Be6 24. Rb6 Nd4 25.
h3 g6 26. Re4 Nb3 27. Rxb5 Rc8 28. Kh2 Rc2 29. f3 Rxb2 30. Re3 Kg7 31. Nc6 Rc2 32.
Nd8 Nd4 33. Rb7 Ba2 34. Ra3 h5 35. Rd7 Nf5 36. Raa7 Nh6 37. Rdc7 Rd2 38. Nc6 Bd5 39. Ne5 Re2 40. Nc4 Nf5 41. Nb6 Be6 42. Rc3 Nh4 43. Kg3 Nf5+ 44. Kh2 Nh4 45. Nc4 Rxg2+ 46. Kh1 Re2 0-1